 Dungeon Crawl Stone Soup version 0.30-a0-916-g9813417 (webtiles) character file.

Game seed: 17112958024573545588

39 Think the Ducker (level 3, -1/26 HPs)
             Began as an Octopode Fighter on Mar 21, 2023.
             Slain by a goblin
             ... wielding a +0 dagger
             ... led by Robin
              (4 damage)
             ... on level 2 of the Dungeon.
             The game lasted 00:02:53 (965 turns).

Think the Ducker (Octopode Fighter)                  Turns: 965, Time: 00:02:53

Health: -1/26      AC:  1    Str: 15    XL:     3   Next: 45%
Magic:  3/3        EV: 14    Int: 10    God:
Gold:   69         SH:  4    Dex: 13    Spells: 1/2 levels left

rFire   . . .      SeeInvis .    a - +0 long sword
rCold   . . .      Faith    .    b - +0 buckler
rNeg    . . .      Spirit   .    (helmet restricted)
rPois   .          Reflect  .    (no amulet)
rElec   .          Rampage  .    (no ring)
rCorr   .                        (no ring)
Will    .....                    (no ring)
Stlth   ++                       (no ring)
HPRegen 0.24/turn                (no ring)
MPRegen 0.08/turn                (no ring)
                                 (no ring)
                                 (no ring)

@: no status effects
A: almost no armour, amphibious, 8 rings, camouflage 1, gelatinous body 1,
(nimble swimmer 1), tentacles
a: no special abilities


You were on level 2 of the Dungeon.
You visited 1 branch of the dungeon, and saw 2 of its levels.

You collected 69 gold pieces.

Inventory:

Hand Weapons
 a - a +0 long sword (weapon)
Armour
 b - a +0 buckler (worn)
Scrolls
 d - 2 scrolls of identify
 e - a scroll of magic mapping
 f - a scroll of vulnerability {unknown}
 h - 2 scrolls of amnesia {unknown}
Potions
 c - a potion of might
 g - a potion of lignification {unknown}


   Skills:
 - Level 3.0 Fighting
 - Level 2.0 Long Blades
 + Level 4.4 Dodging
 - Level 3.0 Shields


You had one spell level left.
You knew the following spells:

 Your Spells              Type           Power      Damage    Failure   Level
a - Magic Dart            Conj           0%         1d3       45%         1

Your spell library contained the following spells:

 Spells                   Type           Power      Damage    Failure   Level
 Call Imp                 Summ           0%         N/A       58%         2
 Mephitic Cloud           Conj/Pois/Air  0%         N/A       83%         3
 Animate Dead             Necr           0%         N/A       99%         4
 Haunt                    Necr/Summ      0%         N/A       100%        7
 Infestation              Necr           0%         N/A       100%        8


Dungeon Overview and Level Annotations

Branches:
Dungeon (2/15)

Altars:

Annotations:
D:2 Robin


Innate Abilities, Weirdness & Mutations

You cannot wear most types of armour.
You are amphibious.
You can wear up to eight rings at the same time.
Your skin changes colour to match your surroundings (Stealth+).
Your rubbery body absorbs attacks. (AC +1, EV +1)
((You are camouflaged when in or above water. (Stealth+)))
You have tentacles for arms and can constrict up to eight enemies at once.


Message History

You see here a staff of death.
There are monsters nearby!
A goblin comes into view. It is wielding a +0 dagger.
Found an escape hatch in the floor.
Robin of the Strong Arm comes into view.
They are wielding a +0 falchion.
A goblin comes into view. It is wielding a +0 dagger.
The bat hits you but does no damage. The bat hits you.
Robin shouts!
The goblin shouts! x2
You hit the bat. Your grab misses the bat.
The bat is moderately wounded.
You hear a shout!
The bat closely misses you. The bat barely misses you.
The bat completely misses you. The bat hits you but does no damage.
A goblin comes into view. It is wielding a +0 club.
The bat hits you.
You hit the bat.
You kill the bat!
The goblin barely misses you. You block the goblin's attack. Robin misses you.
You block the goblin's attack. The goblin misses you.
You hit Robin but do no damage. Your grab misses Robin.
The goblin barely misses you. Robin throws the goblin at you!
The goblin hits you with a +0 dagger. The goblin misses you.
The goblin hits you with a +0 dagger. You block the goblin's attack.
The goblin hits you but does no damage. Robin hits you with a +0 falchion.
You hit Robin but do no damage. Your grab misses Robin.
The goblin completely misses you. The goblin barely misses you.
Robin says, "Kneel, worm!"
Robin throws the goblin at you! The goblin hits you with a +0 dagger.
You hit Robin but do no damage. You grab Robin. You constrict Robin.
The goblin hits you with a +0 dagger. The goblin hits you with a +0 club.
* * * LOW HITPOINT WARNING * * *
You block the goblin's attack. The goblin hits you with a +0 dagger.
* * * LOW HITPOINT WARNING * * *
Robin closely misses you.
As you read the scroll labelled LUXEAK KODEO, it crumbles to dust.
It is a scroll of identify.
e - a scroll of magic mapping You constrict Robin.
The goblin hits you with a +0 dagger.
You die...

##.#.....##
###.........
..........# #..>.....
#......# #.....#
#.g.g.# #.@g# #gg.#
#...# #...#
######...######
#.###....|........#
#..................
#..##....)........#
.......#####...######


You could see Robin and 4 goblins.

Vanquished Creatures
  An adder (D:2)
  4 bats
  3 endoplasms
  2 giant cockroaches (D:1)
  6 goblins
  4 hobgoblins
  3 kobolds
  3 frilled lizards (D:1)
  A rat (D:1)
27 creatures vanquished.

Notes
Turn   | Place    | Note
-------+----------+-------------------------------------------
     0 | D:1      | Think the Octopode Fighter began the quest for the Orb.
     0 | D:1      | Reached XP level 1. HP: 16/16 MP: 1/1
   150 | D:1      | Reached XP level 2. HP: 21/21 MP: 2/2
   157 | D:1      | Learned a level 1 spell: Magic Dart
   698 | D:2      | Reached skill level 4 in Dodging
   698 | D:2      | Reached XP level 3. HP: 9/26 MP: 3/3
   955 | D:2      | Noticed Robin
   965 | D:2      | Slain by a goblin

Illustrated notes

Levels and vault maps discovered:
D:1:      matt_arrival_diagonals, layout_loops_ring
D:2:      layout_loops_cross, uniq_robin

Skill      XL: |  1  2 |
---------------+-------+-----
Dodging        | 4 |  4.4
Fighting       | |  3.0
Long Blades    | |  2.0
Shields        | |  3.0

Action                     || total
---------------------------++-------
  Melee: Long sword        ||    53
         Constrict         ||    14
         Tentacles         ||     5
         Punch             ||     1
   Cast: Magic Dart        ||     2
    Use: Scroll            ||     1
   Stab: Sleeping          ||     4
 Armour: Skin              ||    10
  Dodge: Dodged            ||    43
  Block: Buckler           ||    14

Table legend: (Time is in decaauts)
 A = Elapsed time spent in this place.
 B = Non-inter-level travel time spent in this place.
 C = Inter-level travel time spent in this place.
 D = Time resting spent in this place.
 E = Time spent auto-exploring this place.
 F = Levels seen in this place.
 G = Mean time per level.
                   A        B        C        D        E       F      G
               +--------+--------+--------+--------+--------+-----+--------+
         Total |    984 |    954 |     30 |    101 |    641 |   2 |  492.0 |
       Dungeon |    984 |    954 |     30 |    101 |    641 |   2 |  492.0 |
               +--------+--------+--------+--------+--------+-----+--------+

Top non-repeatable levels by time:
     D:1: 672 daAuts
     D:2: 311 daAuts
